 Dungeon Crawl Stone Soup version 0.27.1-1-g398f81649c (webtiles) character file.

Game seed: 5015334189768236685

213 Tsarbomb the Cleaver (level 5, 0/45 HPs)
             Began as a Hill Orc Monk on Sept 6, 2021.
             Killed by nerve-wracking pain
             ... invoked by a shadow imp
              (13 damage)
             ... on level 5 of the Dungeon.
             The game lasted 00:08:51 (5403 turns).

Tsarbomb the Cleaver (Hill Orc Monk)                Turns: 5403, Time: 00:08:51

Health: 0/45       AC:  5    Str: 15    XL:     5   Next: 90%
Magic:  5/5        EV: 11    Int: 10    God:
Gold:   50         SH:  0    Dex: 13    Spells: 4/4 levels left

rFire    . . .     SeeInvis .   i - +0 war axe
rCold    + . .     Faith    .   (no shield)
rNeg     . . .     Spirit   .   w - +0 ring mail {Will+}
rPois    +         Reflect  .   (no helmet)
rElec    .         Harm     .   (no cloak)
rCorr    .         Rampage  .   (no gloves)
Will     +....                  (no boots)
Stlth    +.........             (no amulet)
HPRegen  0.15/turn              e - ring of protection from cold
MPRegen  0.09/turn              p - ring of poison resistance

@: no status effects
A: no striking features
a: no special abilities


You were on level 5 of the Dungeon.
You visited 1 branch of the dungeon, and saw 5 of its levels.

You collected 146 gold pieces.
You spent 96 gold pieces at shops.

Inventory:

Hand Weapons
 a - a +1 mace of protection
 i - a +0 war axe (weapon)
Armour
 w - a +0 ring mail of willpower (worn)
Jewellery
 e - a ring of protection from cold (left hand)
 p - a ring of poison resistance (right hand)
Wands
 s - a wand of flame (15)
Scrolls
 b - 3 scrolls of enchant armour {unknown}
 c - a scroll of summoning {unknown}
 f - 4 scrolls of fog
 g - 2 scrolls of identify
 l - 4 scrolls of teleportation
 m - a scroll of torment {unknown}
 n - a scroll of vulnerability {unknown}
 o - a scroll of noise {unknown}
 t - a scroll of fear {unknown}
 v - a scroll of enchant weapon {unknown}
Potions
 d - a potion of cancellation {unknown}
 h - 2 potions of lignification
 j - a potion of curing
 k - a potion of attraction {unknown}
 q - a potion of mutation {unknown}
 u - a potion of might {unknown}


   Skills:
 - Level 3.6 Fighting
 + Level 8.1 Axes
 - Level 2.4 Dodging
 - Level 1.5 Stealth
 * Level 1.2 Evocations


You had 4 spell levels left.
You didn't know any spells.
Your spell library was empty.

Dungeon Overview and Level Annotations

Branches:
Dungeon (5/15)
 Temple: D:4-7

Altars:

Shops:
D:2 ?   D:4 (

Annotations:
D:5 exclusions: ogre and scorpion


Message History

There is an open door here.
There is a stone staircase leading down here.
You climb downwards.
Level annotation: exclusions: ogre and scorpion
There is a stone staircase leading up here.
An iguana comes into view.
The iguana hisses angrily.
You hit the iguana but do no damage. The iguana bites you. x2
You hit the iguana.
The iguana is moderately wounded.
The iguana bites you!
You barely miss the iguana.
The iguana is moderately wounded.
The iguana bites you.
You are too injured to fight recklessly!
You are too injured to fight recklessly!
You are too injured to fight recklessly!
You closely miss the iguana.
The iguana is moderately wounded.
The iguana bites you.
There is a stone staircase leading up here.
The iguana closely misses you.
A shadow imp comes into view.
The shadow imp shouts, "Slither home, thou villainous flap-mouthed jarkman!"
You closely miss the shadow imp. You hit the iguana but do no damage.
The iguana barely misses you. The shadow imp gestures at you.
You resist with some effort.
You barely miss the shadow imp. You hit the iguana. The iguana bites you!
* * * LOW HITPOINT WARNING * * *
The shadow imp hits you but does no damage.
The iguana bites you!
* * * LOW HITPOINT WARNING * * *
You feel better. The shadow imp hits you.
* * * LOW HITPOINT WARNING * * *
The iguana closely misses you.
The shadow imp shouts, "Decamp, thou bawdy motley-minded surfacer!"
The shadow imp gestures at you. Pain shoots through your body!
You die...

#...##...#...........
#...........###....#
##...#.#.......#...#
#....##.......##...####
#.............##.......
#.....................
##................#
#.............l...#
..............##@.##
..#.........<..##5.#.#.
.$#............#..#......
.......###.....5..#..#...
........###..........# .
####.##...#............
#. #.#.........##.#.# .#
.. #.#.........#### #..##
. ..#...........##......


You could see an iguana and a shadow imp.

Vanquished Creatures
  A centaur zombie (D:5)
  3 gnolls (D:2)
  6 adders
  An adder skeleton (D:4)
  4 worms
  2 dart slugs (D:1)
  An orc (D:2)
  9 ball pythons
  6 bats
  5 endoplasms
  3 giant cockroaches
  7 hobgoblins
  4 jackals (D:3)
  5 kobolds
  4 quokkas
  4 frilled lizards
  7 goblins
  8 rats
  A spectral goblin (D:1)
81 creatures vanquished.

Notes
Turn   | Place    | Note
-------+----------+-------------------------------------------
     0 | D:1      | Tsarbomb the Hill Orc Monk began the quest for the Orb.
     0 | D:1      | Reached XP level 1. HP: 19/19 MP: 1/1
   156 | D:1      | Reached XP level 2. HP: 19/26 MP: 2/2
   405 | D:1      | Reached skill level 5 in Axes
   686 | D:1      | Reached XP level 3. HP: 30/31 MP: 3/3
   784 | D:1      | Found a faded altar of an unknown god.
  1576 | D:2      | You fall into a shaft and drop 2 floors!
  1621 | D:4      | Found Seleivig's Weapon Emporium.
  1696 | D:4      | Reached skill level 6 in Axes
  2510 | D:3      | Reached XP level 4. HP: 28/39 MP: 4/4
  3299 | D:5      | Entered Level 5 of the Dungeon
  3312 | D:5      | Reached skill level 7 in Axes
  3400 | D:5      | Noticed an ogre
  3410 | D:5      | Noticed a scorpion
  3483 | D:2      | Reached XP level 5. HP: 45/45 MP: 5/5
  3783 | D:2      | Found Mylot's Magic Scroll Emporium.
  3817 | D:2      | Bought a scroll of teleportation for 36 gold pieces
  3817 | D:2      | Bought a scroll of teleportation for 36 gold pieces
  3817 | D:2      | Bought a scroll of identify for 24 gold pieces
  4073 | D:2      | Reached skill level 1 in Evocations
  4540 | D:2      | Reached skill level 8 in Axes
  5403 | D:5      | Killed from afar by a shadow imp

Illustrated notes

Levels and vault maps discovered:
D:1:      eino_arrival_druids_welcome, layout_loops_ring, serial_rivers,
          chequers_serial_rivers_micro_b, chequers_serial_rivers_micro_a,
          chequers_serial_rivers_micro_b, chequers_serial_rivers_micro_e,
          dreamdust_ecumenical_altar_drowned_temple
D:2:      layout_loops_corners, serial_shops, nicolae_lakefront_shop,
          nrook_uturn, st_stairs_3, grunt_decor_clamped, minmay_hedge_maze,
          skrybe_limestone_x
D:3:      layout_rooms
D:4:      layout_basic, serial_shops, nicolae_shop_waterfront
D:5:      layout_cave_pools, kennysheep_little_box,
          minmay_temple_entry_water_ring, ebering_ghost_rock_garden

Skill      XL: |  1  2  3  4  5 |
---------------+----------------+-----
Axes           | 5 6 7 8 |  8.1
Evocations     | 1 |  1.2
Fighting       | |  3.6
Dodging        | |  2.4
Stealth        | |  1.5

Action                   |  1- 3 |  4- 6 || total
-------------------------+-------+-------++-------
Melee: Hand axe          |   101 |       ||   101
       War axe           |    29 |   172 ||   201
  Use: Scroll            |       |     3 ||     3
       Potion            |       |     1 ||     1
 Stab: Sleeping          |     4 |     2 ||     6
Armor: Robe              |    22 |       ||    22
       Leather armour    |     7 |    15 ||    22
       Ring mail         |       |    24 ||    24
Dodge: Dodged            |    72 |   121 ||   193
